 Dungeon Crawl Stone Soup version 0.27-a0-604-g29a88b33a7 (webtiles) character file.

Game seed: 5836616304171613899

616 robertstho the Magician (level 7, 0/48 HPs)
             Began as a Mummy Conjurer on Mar 12, 2021.
             Slain by Menkaure (17 damage)
             ... on level 5 of the Dungeon.
             The game lasted 00:05:28 (5639 turns).

robertstho the Magician (Mummy Conjurer)            Turns: 5639, Time: 00:05:28

Health: 0/48       AC:  4    Str: 10    XL:     7   Next: 21%
Magic:  8/15       EV: 12    Int: 19    God:
Gold:   164        SH:  0    Dex: 11    Spells: 2/16 levels left

rFire    x . .     SeeInvis .   m - +4 short sword
rCold    + . .     Faith    .   (no shield)
rNeg     + + +     Spirit   .   a - +0 robe
rPois    ∞         Reflect  .   q - +0 helmet
rElec    .         Harm     .   c - +0 cloak
rCorr    .         Rampage  .   (no gloves)
Will     .....                  (no boots)
Stlth    ++........             (no amulet)
HPRegen  0.16/turn              (no ring)
MPRegen  0.14/turn              (no ring)

@: no status effects
A: cold resistance 1, negative energy resistance 3, torment resistance 2,
unbreathing 1, heat vulnerability 1, no potions
a: no special abilities


You were on level 5 of the Dungeon.
You visited 1 branch of the dungeon, and saw 5 of its levels.

You collected 164 gold pieces.

Inventory:

Hand Weapons
 d - a +2 dagger of venom
 m - a +4 short sword (weapon)
Armour
 a - a +0 robe (worn)
 c - a +0 cloak (worn)
 q - a +0 helmet (worn)
Jewellery
 n - a ring of positive energy
Wands
 b - a wand of acid (5)
 i - a wand of flame (12)
 p - a wand of polymorph (7)
Scrolls
 e - 2 scrolls of magic mapping {unknown}
 f - a scroll of fog {unknown}
 g - a scroll of enchant armour {unknown}
 h - 5 scrolls of identify {unknown}
 j - a scroll of noise {unknown}
 k - 2 scrolls of amnesia {unknown}
 l - a scroll of teleportation {unknown}
 o - a scroll of immolation {unknown}
 r - a scroll of enchant weapon {unknown}


   Skills:
 + Level 1.5 Fighting
 + Level 2.3 Short Blades
 + Level 2.9 Dodging
 + Level 3.0 Stealth
 * Level 5.4 Spellcasting
 + Level 4.4 Conjurations


You had 2 spell levels left.
You knew the following spells:

 Your Spells              Type           Power      Damage    Failure   Level
a - Magic Dart            Conj           88%        1d7       1%          1
b - Searing Ray           Conj           44%        3d4       2%          2
c - Dazzling Flash        Conj/Hex       26%        N/A       14%         3
d - Fulminant Prism       Conj/Hex       6%         3d7       43%         4
e - Iskenderun's Mystic   Conj/Tloc      13%        2d5       43%         4

Your spell library contained the following spells:

 Spells                   Type           Power      Damage    Failure   Level


Dungeon Overview and Level Annotations

Branches:
Dungeon (5/15)
 Temple: D:4-7

Altars:
Ashenzari
Cheibriados
Kikubaaqudgha
Nemelex Xobeh
Qazlal
Uskayaw
Wu Jian

Annotations:
D:5 Menkaure


Innate Abilities, Weirdness & Mutations

You are immune to poison.
Your flesh is cold resistant. (rC+)
You are immune to negative energy. (rN+++)
You are immune to unholy pain and torment.
You can survive without breathing.
You are vulnerable to heat. (rF-)
You do not drink.


Message History

There is an open door here.
You enter the shallow water.
Moving in this stuff is going to be slow.
Menkaure, Prince of Dust comes into view.
Menkaure is nearby!
Menkaure is nearby!
Menkaure is nearby!
Menkaure is nearby!
Menkaure is nearby!
Your +2 dagger of venom stops dripping with poison.
m - a +4 short sword (weapon)
Menkaure shouts!
Casting: Searing Ray (safe; 2% risk of failure)
Confirm with . or Enter, or press ? or * to list all spells.
Aiming: Searing Ray (safe; 2% risk of failure)
Press: ? - help, Shift-Dir - straight line, f - Menkaure
Aim: Menkaure (11% to evade)
The searing ray misses Menkaure. (Press . to maintain the ray.) Menkaure hits you.
Unknown command.
The searing ray hits Menkaure!
Menkaure is moderately damaged.
Menkaure hits you!
The searing ray hits Menkaure!
Menkaure is severely damaged.
Menkaure hits you!!
The searing ray hits Menkaure.
Menkaure is almost destroyed.
You finish channeling your searing ray.
Unknown command.
Casting: Searing Ray (safe; 2% risk of failure)
Confirm with . or Enter, or press ? or * to list all spells.
Aiming: Searing Ray (safe; 2% risk of failure)
Press: ? - help, Shift-Dir - straight line, f/p - Menkaure
Aim: Menkaure (almost destroyed, 11% to evade)
The searing ray misses Menkaure. (Press . to maintain the ray.) Menkaure hits you!
You die...

#...........#####P≈≈♣♣♣♣≈≈≈.
.....##........<.P≈♣♣ ≈≈P.
.....##..........P≈♣♣♣♣♣ P..
.>...#....######..≈≈♣≈≈♣≈≈..
.......#### ###.≈≈≈≈PP...
.<>..### ##≈P≈P..... .....#
###.P####.... )...##
####...## ... ..#.# #..M@###
. ..#.# #.#### ..... .. ..#
## # ..#


You could see Menkaure.

Vanquished Creatures
  Blork the orc (D:4)
  4 wights
  A hound (D:4)
  An orc priest (D:2)
  Natasha (thrice) (D:4)
  3 worker ants
  4 gnolls (D:3)
  8 adders
  An ooze (D:1)
  3 worms
  A leopard gecko (D:2)
  5 orcs
  A ball python (D:1)
  4 bats
  A giant cockroach (D:3)
  2 goblins (D:1)
  8 hobgoblins
  9 kobolds
  3 frilled lizards
  8 rats
71 creatures vanquished.

Notes
Turn   | Place    | Note
-------+----------+-------------------------------------------
     0 | D:1      | robertstho the Mummy Conjurer began the quest for the Orb.
     0 | D:1      | Reached XP level 1. HP: 13/13 MP: 4/4
   183 | D:1      | Reached skill level 3 in Spellcasting
   183 | D:1      | Reached XP level 2. HP: 12/19 MP: 0/6
   186 | D:1      | Learned a level 2 spell: Searing Ray
   985 | D:2      | Reached XP level 3. HP: 12/24 MP: 1/7
   992 | D:2      | Learned a level 3 spell: Dazzling Flash
  1400 | D:2      | Found a hide-covered altar of Uskayaw.
  1775 | D:2      | Reached XP level 4. HP: 27/30 MP: 3/9
  2242 | D:3      | Reached skill level 1 in Short Blades
  2242 | D:3      | Reached skill level 4 in Spellcasting
  2242 | D:3      | Reached XP level 5. HP: 31/36 MP: 7/11
  2645 | D:3      | Found an ornate altar of the Wu Jian Council.
  3504 | D:4      | Found an ancient bone altar of Kikubaaqudgha.
  3856 | D:4      | Noticed Natasha
  3867 | D:4      | Killed Natasha
  3868 | D:4      | Reached skill level 1 in Fighting
  3868 | D:4      | Reached XP level 6. HP: 29/43 MP: 6/12
  3874 | D:4      | Noticed Natasha
  3879 | D:4      | Killed Natasha
  3961 | D:4      | Learned a level 4 spell: Fulminant Prism
  3966 | D:4      | Learned a level 4 spell: Iskenderun's Mystic Blast
  4029 | D:4      | Found a broken altar of Ashenzari.
  4100 | D:4      | Noticed Blork the orc
  4108 | D:4      | Killed Blork the orc
  4327 | D:4      | Noticed Natasha
  4332 | D:4      | Killed Natasha
  4647 | D:4      | Reached skill level 5 in Spellcasting
  4953 | D:4      | Reached XP level 7. HP: 44/48 MP: 8/14
  5522 | D:5      | Entered Level 5 of the Dungeon
  5589 | D:5      | Found a sparkling altar of Nemelex Xobeh.
  5595 | D:5      | Found a stormy altar of Qazlal.
  5600 | D:5      | Found a snail-covered altar of Cheibriados.
  5631 | D:5      | Noticed Menkaure
  5639 | D:5      | Slain by Menkaure

Illustrated notes

Levels and vault maps discovered:
D:1:      roderic_dead_forest, layout_basic
D:2:      layout_loops_ring, nicolae_uskayaw_suspiria
D:3:      layout_basic, marbit_many_paths, kennysheep_boxes
D:4:      layout_loops_corners, nicolae_overflow_crystal_walls,
          lemuel_doored_altar, serial_rivers, chequers_serial_rivers_micro_d,
          chequers_serial_rivers_small_b, chequers_serial_rivers_room_a,
          chequers_serial_rivers_micro_b, chequers_serial_rivers_micro_a,
          chequers_serial_rivers_micro_c, uniq_natasha, uniq_blork_the_orc
D:5:      layout_rooms, minmay_overflow_temple_star_quad, serial_bayou_pond_c,
          uniq_menkaure

Skill      XL: |  1  2  3  4  5  6  7 |
---------------+----------------------+-----
Spellcasting   | 3 4 5 |  5.4
Conjurations   | 4 |  4.4
Stealth        | 2 3 |  3.0
Short Blades   | 1 2 |  2.3
Dodging        | 2 |  2.9
Fighting       | 1 |  1.5

Action                   |  1- 3 |  4- 6 |  7- 9 || total
-------------------------+-------+-------+-------++-------
Melee: Dagger            |    71 |    49 |    11 ||   131
       Unarmed           |     3 |       |       ||     3
       Short sword       |       |       |     2 ||     2
 Cast: Magic Dart        |    15 |     1 |       ||    16
       Searing Ray       |     2 |    22 |     4 ||    28
 Stab: Sleeping          |     1 |     1 |       ||     2
Armor: Robe              |    22 |    17 |     2 ||    41
Dodge: Dodged            |    50 |    44 |    11 ||   105

Table legend: (Time is in decaauts)
 A = Elapsed time spent in this place.
 B = Non-inter-level travel time spent in this place.
 C = Inter-level travel time spent in this place.
 D = Time resting spent in this place.
 E = Time spent auto-exploring this place.
 F = Levels seen in this place.
 G = Mean time per level.
                   A        B        C        D        E       F      G
               +--------+--------+--------+--------+--------+-----+--------+
         Total |   5670 |   5425 |    245 |   1094 |   3746 |   5 | 1134.0 |
       Dungeon |   5670 |   5425 |    245 |   1094 |   3746 |   5 | 1134.0 |
               +--------+--------+--------+--------+--------+-----+--------+

Top non-repeatable levels by time:
     D:4: 2280 daAuts
     D:3: 1231 daAuts
     D:2: 1090 daAuts
     D:1: 947 daAuts
     D:5: 121 daAuts
